 Dungeon Sprint DCSS version 0.30-a0-51-g784eafce7f (webtiles) character file.

Game seed: 818192628357351873

10 Ankalagon the Sneak (level 2, 0/20 HPs)
             Began as a Demigod Enchanter on Sept 5, 2022.
             Succumbed to a scorpion's poison
             ... in the Dungeon (Sprint II: "The Violet Keep of Menkaure").
             The game lasted 00:00:37 (93 turns).

Ankalagon the Sneak (Demigod Enchanter)               Turns: 93, Time: 00:00:37

Health: 0/20       AC:  2    Str:  9    XL:     2   Next: 0%
Magic:  7/7        EV: 12    Int: 17    God:
Gold:   243        SH:  0    Dex: 14    Spells: 5/5 levels left

rFire   . . .      SeeInvis .    a - +1 dagger
rCold   . . .      Faith    .    (no shield)
rNeg    . . .      Spirit   .    b - +0 robe
rPois   .          Reflect  .    (no helmet)
rElec   .          Harm     .    (no cloak)
rCorr   .          Rampage  .    (no gloves)
Will    .....      NoTele   +    (no boots)
Stlth   ++........               (no amulet)
HPRegen 0.06/turn                (no ring)
MPRegen 0.10/turn                (no ring)

@: lethally poisoned (0 -> -5), invisible (expiring)
A: high MP 1, forlorn, divine attributes
a: no special abilities


You were in the Dungeon.
You visited 1 branch You collected 243 gold pieces.

Inventory:

Hand Weapons
 a - a +1 dagger (weapon)
Armour
 b - a +0 robe (worn)
Scrolls
 i - a scroll of blinking
Potions
 e - a potion of heal wounds
 f - a potion of haste
 g - 2 potions of magic
 h - a potion of berserk rage


   Skills:
 + Level 1.9 Short Blades
 - Level 2.3 Dodging
 + Level 3.3 Stealth
 - Level 2.2 Spellcasting
 + Level 3.2 Hexes


You had 5 spell levels left.
You didn't know any spells.
Your spell library contained the following spells:

 Spells                   Type           Power      Damage    Failure   Level
 Ensorcelled Hibernation  Hex/Ice        14%        N/A       14%         2
 Confusing Touch          Hex            13%        N/A       14%         3
 Tukima's Dance           Hex            13%        N/A       14%         3
 Dazzling Flash           Conj/Hex       14%        N/A       28%         3


Dungeon Overview and Level Annotations

Branches:
Dungeon (1/1)


Innate Abilities, Weirdness & Mutations

You have an increased reservoir of magic. (+10% MP)
You shall have no god before yourself.
Your divine heritage dramatically boosts your attributes as you level up.


Message History

The scorpion poisons you!
There is an open door here.
You hit the scorpion.
The scorpion is lightly wounded.
You feel sick.
The scorpion stings you but does no damage.
You feel better. The scorpion stings you.
You hit the scorpion.
The scorpion is moderately wounded.
The scorpion barely misses you.
You catch the helpless scorpion completely off-guard!
You puncture the scorpion!
The scorpion is almost dead.
You flicker for a moment.
You hit the scorpion but do no damage.
The scorpion is severely wounded.
The scorpion stings you.
You are lethally poisoned!
The scorpion poisons you!
You closely miss the scorpion.
The scorpion is severely wounded.
* * * LOW HITPOINT WARNING * * *
You feel very sick.
The scorpion stings you but does no damage.
You hit the scorpion.
The scorpion is severely wounded.
* * * LOW HITPOINT WARNING * * *
You feel sick. The scorpion closely misses you.
You hit the scorpion but do no damage.
The scorpion is severely wounded.
* * * LOW HITPOINT WARNING * * *
You feel sick. The scorpion completely misses you.
You hit the scorpion but do no damage.
The scorpion is severely wounded.
* * * LOW HITPOINT WARNING * * *
You feel sick. The scorpion completely misses you.
You catch the helpless scorpion completely off-guard!
You puncture the scorpion!
You kill the scorpion!
You die...

##+# ##..###
#..##.# #
##.#.# # ##.
##'## 3#
#$B.##.##.3#
#+.<.+$#
#..B##.##3#
##. #@# 3# #
#$# #
#.s#s.# ##.
.## ## ##


You could see 2 scorpions.

Vanquished Creatures
  A scorpion (D)
  3 worms (D)
4 creatures vanquished.

Notes
Turn   | Place    | Note
-------+----------+-------------------------------------------
     0 | D        | Ankalagon the Demigod Enchanter began the quest for the
                  | Orb.
     0 | D        | Reached XP level 1. HP: 14/14 MP: 5/5
     1 | D        | Noticed a boulder beetle
     1 | D        | Noticed a boulder beetle
    11 | D        | Reached skill level 1 in Short Blades
    17 | D        | Reached XP level 2. HP: 16/20 MP: 5/7
    73 | D        | Noticed a neqoxec
    73 | D        | Noticed a neqoxec
    73 | D        | Noticed a neqoxec
    73 | D        | Noticed a neqoxec
    76 | D        | Noticed a scorpion
    76 | D        | Noticed a scorpion
    79 | D        | Noticed a scorpion
    79 | D        | Noticed a scorpion
    92 | D        | HP: 1/20 [poisoned by a scorpion]
    93 | D        | Killed a scorpion
    93 | D        | Succumbed to a scorpion's poison

Illustrated notes

Levels and vault maps discovered:
D:        the_violet_keep_of_menkaure [sprint2_stairs_cluster_1,
          sprint2_shoproom, sprint2_temple, sprint2_basic_supplies,
          sprint2_obstacle_7, sprint2_obstacle_5, sprint2_obstacle_6,
          sprint2_obstacle_2, sprint2_obstacle_4, sprint2_timed_cluster_1,
          sprint2_smallroom_cluster_1, sprint2_smallroom_final_cluster_1,
          sprint2_transparent_cluster_1, sprint2_second_timed_cluster_1,
          sprint2_sniper_area_1, sprint2_heavy_combat_area_1,
          sprint2_mutation_trap_area_1, sprint2_forest_area_1,
          sprint2_light_combat_area_1, sprint2_behind_water_1,
          sprint2_near_end_vault_1]

Skill      XL: |  1 |
---------------+----+-----
Short Blades   | 1 |  1.9
Dodging        | 2 |  2.3
Stealth        | 3 |  3.3
Spellcasting   | 2 |  2.2
Hexes          | 3 |  3.2

Action                   || total
-------------------------++-------
Melee: Dagger            ||    19
  Use: Potion            ||     3
 Stab: Invisible         ||     5
       Sleeping          ||     3
Armor: Robe              ||     2
Dodge: Dodged            ||    10

Table legend: (Time is in decaauts)
 A = Elapsed time spent in this place.
 B = Non-inter-level travel time spent in this place.
 C = Inter-level travel time spent in this place.
 D = Time resting spent in this place.
 E = Time spent auto-exploring this place.
 F = Levels seen in this place.
 G = Mean time per level.
                   A        B        C        D        E       F      G
               +--------+--------+--------+--------+--------+-----+--------+
         Total |     91 |     91 |      0 |     46 |      0 |   1 |   91.0 |
       Dungeon |     91 |     91 |      0 |     46 |      0 |   1 |   91.0 |
               +--------+--------+--------+--------+--------+-----+--------+

Top non-repeatable levels by time:
       D: 91 daAuts
